 Dungeon Crawl Stone Soup version 0.29-a0-275-g389c0b56f3 (webtiles) character file.

Game seed: 17169859488257276934

1621 Esekla the Slasher (level 8, -5/72 HPs)
             Began as an Octopode Delver on Mar 10, 2022.
             Slain by an ice beast (13 damage)
             ... on level 5 of the Dungeon.
             The game lasted 00:17:52 (2413 turns).

Esekla the Slasher (Octopode Delver)                Turns: 2413, Time: 00:17:53

Health: -5/72      AC:  1    Str: 11    XL:     8   Next: 96%
Magic:  11/11      EV: 15    Int: 14    God:
Gold:   145        SH:  0    Dex: 14    Spells: 11/11 levels left

rFire   . . .      SeeInvis .   a - +0 falchion
rCold   . . .      Faith    .   (no shield)
rNeg    . . .      Spirit   .   (helmet restricted)
rPois   .          Reflect  .   g - amulet of Vitality {Regen+ HP+15}
rElec   .          Harm     .   (no ring)
rCorr   .          Rampage  .   (no ring)
Will    .....                   (no ring)
Stlth   ++++......              (no ring)
HPRegen 1.02/turn               (no ring)
MPRegen 0.12/turn               (no ring)
                                (no ring)
                                (no ring)

@: no status effects
A: almost no armour, amphibious, 8 rings, camouflage 1, gelatinous body 1,
(nimble swimmer 1), tentacles
a: no special abilities


You were on level 5 of the Dungeon.
You visited 2 branches of the dungeon, and saw 4 of its levels.

You collected 145 gold pieces.

Inventory:

Hand Weapons
 a - a +0 falchion (weapon)
 r - a +3 spear
 s - a +0 dagger
Jewellery
 g - the amulet of Vitality (around mantle) {Regen+ HP+15}
   (You found it on level 5 of the Dungeon)

   [amulet of regeneration]

   HP:        It affects your health (+15).
   Regen:     It increases your rate of health regeneration.
 j - a ring of protection from fire
Wands
 f - a wand of digging (3)
 l - a wand of flame (6)
Scrolls
 b - 3 scrolls of fog
 c - a scroll of magic mapping
 d - a scroll of fear
 h - 5 scrolls of identify {unknown}
 m - a scroll of teleportation {unknown}
 o - a scroll of torment {unknown}
Potions
 e - a potion of haste
 k - a potion of ambrosia {unknown}
 n - a potion of heal wounds {unknown}


   Skills:
 * Level 6.1 Fighting
 + Level 0.5(4.4) Short Blades
 * Level 7.2 Long Blades
 + Level 0.4 Throwing
 * Level 6.1 Dodging
 - Level 6.6 Stealth
 + Level 2.3 Spellcasting


You had 11 spell levels left.
You didn't know any spells.
Your spell library contained the following spells:

 Spells                   Type           Power      Damage    Failure   Level
 Airstrike                Air            0%         N/A       93%         4
 Summon Lightning Spire   Summ/Air       1%         N/A       93%         4
 Lightning Bolt           Conj/Air       0%         1d11      100%        5


Dungeon Overview and Level Annotations

Branches:
Dungeon (7/15)             Temple (1/1) D:6

Altars:
Cheibriados
Dithmenos
Elyvilon
Fedhas
Hepliaklqana
Kikubaaqudgha
Makhleb
Nemelex Xobeh
Okawaru
Qazlal
Ru
Sif Muna
Trog
Uskayaw
Vehumet
Wu Jian
Xom
The Shining One

Annotations:
D:5 Grinder
D:6 4 runed translucent doors


Innate Abilities, Weirdness & Mutations

You cannot wear most types of armour.
You are amphibious.
You can wear up to eight rings at the same time.
Your skin changes colour to match your surroundings (Stealth+).
Your rubbery body absorbs attacks. (AC +1, EV +1)
((You are camouflaged when in or above water. (Stealth+)))
You have tentacles for arms and can constrict up to eight enemies at once.


Message History

The javelin pierces through the ice beast but does no damage.
Throw: javelin
Press: ? - help, Q - select action, (/) - cycle Shift-Dir - straight line, f/p - ice beast
Aim: an ice beast (62% to hit)
You throw a javelin.
The javelin pierces through the ice beast!
The ice beast is moderately wounded.
You hit the ice beast.
You squeeze the ice beast, but do no damage.
The ice beast is heavily wounded.
The ice beast hits you. The ice beast freezes you!
You barely miss the ice beast. Your squeeze misses the ice beast.
The ice beast is heavily wounded.
The ice beast misses you.
You barely miss the ice beast.
The ice beast is heavily wounded.
The ice beast barely misses you.
You hit the ice beast but do no damage.
The ice beast is heavily wounded.
The ice beast barely misses you.
You barely miss the ice beast. Your squeeze misses the ice beast.
The ice beast is heavily wounded.
The ice beast hits you. The ice beast freezes you!
You barely miss the ice beast. Your squeeze misses the ice beast.
The ice beast is heavily wounded.
The ice beast hits you. The ice beast freezes you!
You closely miss the ice beast. Your squeeze misses the ice beast.
The ice beast is heavily wounded.
The ice beast hits you. The ice beast freezes you.
You barely miss the ice beast.
The ice beast is heavily wounded.
The ice beast closely misses you.
You hit the ice beast but do no damage.
The ice beast is heavily wounded.
The ice beast hits you. The ice beast freezes you!
* * * LOW HITPOINT WARNING * * *
The ice beast attacks as you move away! The ice beast hits you.
* * * LOW HITPOINT WARNING * * *
The ice beast freezes you!
You die...

#######...####.#..######§§
##.## #.#..# #P§ #.#
#.#..## #§§ #.# #.#...#
##. #.# #.#...# #. #.#
#.#.>.# ## #.# #.#..##
#.#####..>.########
#.@Y.....(.........
#######..(..#######
######..###.##
........###..#
.#####.......# #..Y###.#
#...# .# ##..# .# #...


You could see an ice beast.

Vanquished Creatures
  Pikel (D:5)
  A water moccasin (D:5)
  2 black bears (D:6)
  A centaur (D:6)
  A lemure (D:5)
  2 bullfrogs (D:7)
  A water moccasin zombie (D:5)
  2 scorpions (D:6)
  3 wights (D:6)
  A water moccasin skeleton (D:5)
  A centaur zombie (D:5)
  A hound (D:7)
  4 iguanas
  2 orc wizards
  A scorpion zombie (D:5)
  2 hound zombies (D:5)
  2 howler monkey skeletons (D:5)
  2 adders (D:6)
  A worm (D:6)
  A dart slug (D:5)
  5 orcs
37 creatures vanquished.

Vanquished Creatures (others)
  7 withered plants (D:5)
7 creatures vanquished.

Grand Total: 44 creatures vanquished

Notes
Turn   | Place    | Note
-------+----------+-------------------------------------------
     0 | D:5      | Esekla the Octopode Delver began the quest for the Orb.
     0 | D:5      | Reached XP level 1. HP: 16/16 MP: 1/1
     2 | D:5      | Found the amulet of Vitality {Regen+ HP+15}
    65 | D:5      | Noticed an ice beast
    80 | D:5      | Noticed a water moccasin zombie
   109 | D:5      | Noticed a jelly
   219 | D:5      | Noticed an iguana
   229 | D:5      | Killed an iguana
   230 | D:5      | Reached skill level 1 in Spellcasting
   230 | D:5      | Reached XP level 2. HP: 21/21 MP: 1/3
   230 | D:5      | Reached XP level 3. HP: 26/26 MP: 1/4
   300 | D:5      | Reached XP level 4. HP: 33/33 MP: 5/5
   353 | D:5      | Reached skill level 3 in Long Blades
   353 | D:5      | Reached XP level 5. HP: 18/37 MP: 5/7
   396 | D:5      | Noticed Grinder
   476 | D:5      | Noticed a water moccasin
   487 | D:5      | Killed a water moccasin
   488 | D:5      | Reached XP level 6. HP: 44/44 MP: 7/9
   582 | D:5      | Reached skill level 4 in Long Blades
   675 | D:6      | Found a staircase to the Ecumenical Temple.
   685 | Temple   | Entered the Ecumenical Temple
  1030 | D:6      | Noticed a black bear
  1079 | D:5      | Found a white marble altar of Elyvilon.
  1136 | D:5      | Noticed Pikel
  1210 | D:6      | Killed a black bear
  1211 | D:6      | Reached XP level 7. HP: 49/49 MP: 10/10
  1394 | D:6      | Found a snail-covered altar of Cheibriados.
  1426 | D:6      | Found a runed translucent gate.
  1426 | D:6      | Found a runed translucent gate.
  1426 | D:6      | Found a runed translucent gate.
  1427 | D:6      | Noticed a redback
  1436 | D:6      | Found a runed translucent door.
  1472 | D:6      | Found a hazy altar of Hepliaklqana.
  1480 | D:6      | You fall into a shaft and drop 1 floor!
  1531 | D:7      | Reached skill level 5 in Fighting
  1534 | D:7      | Reached skill level 5 in Long Blades
  1569 | D:7      | HP: 1/65 [ice beast (14)]
  2108 | D:6      | Reached XP level 8. HP: 55/55 MP: 11/11
  2143 | D:6      | Reached skill level 6 in Long Blades
  2143 | D:6      | Reached skill level 5 in Dodging
  2249 | D:6      | Found a shadowy altar of Dithmenos.
  2297 | D:6      | Found the +9 staff of Olgreb {rPois∞}
  2323 | D:5      | Killed Pikel
  2324 | D:5      | Reached skill level 7 in Long Blades
  2413 | D:5      | Slain by an ice beast

Illustrated notes

Levels and vault maps discovered:
D:5:      layout_loops_ring, kennysheep_ying_yang, serial_undead,
          serial_undead_b, serial_undead_e, serial_undead_e, serial_undead_e,
          serial_undead_d, serial_undead_e, uniq_grinder, uniq_pikel
D:6:      layout_loops_corners, slow_altar_2, lemuel_coloured_pillars_altar,
          mainiacjoe_overflow_24_doors, minmay_temple_entry_junction_2,
          minmay_guarded_unrand_staff_of_olgreb
D:7:      layout_loops_corners
Temple:   minmay_temple_curvy_branch

Skill      XL: |  1  2  3  4  5  6  7  8 |
---------------+-------------------------+-----
Spellcasting   | 1 2 |  2.3
Fighting       | 4 5 6 |  6.1
Long Blades    | 3 4 5 7 |  7.2
Dodging        | 3 4 6 |  6.1
Short Blades   | |  0.5
Throwing       | |  0.4
Stealth        | |  6.6

Action                   |  1- 3 |  4- 6 |  7- 9 || total
-------------------------+-------+-------+-------++-------
Melee: Falchion          |    12 |    54 |    81 ||   147
       Tentacles         |     6 |    21 |    25 ||    52
       Constrict         |     4 |    14 |    12 ||    30
       Punch             |       |     1 |     2 ||     3
       Dagger            |       |       |     3 ||     3
Throw: Javelin           |       |     2 |     4 ||     6
  Use: Potion            |       |       |     1 ||     1
 Stab: Distracted        |     1 |     1 |       ||     2
       Sleeping          |       |       |     4 ||     4
Armor: Skin              |       |     6 |     4 ||    10
Dodge: Dodged            |     6 |    36 |    49 ||    91

Table legend: (Time is in decaauts)
 A = Elapsed time spent in this place.
 B = Non-inter-level travel time spent in this place.
 C = Inter-level travel time spent in this place.
 D = Time resting spent in this place.
 E = Time spent auto-exploring this place.
 F = Levels seen in this place.
 G = Mean time per level.
                   A        B        C        D        E       F      G
               +--------+--------+--------+--------+--------+-----+--------+
         Total |   2403 |   2383 |     20 |    231 |    289 |   4 |  600.8 |
       Dungeon |   2103 |   2102 |      1 |    231 |    116 |   3 |  701.0 |
        Temple |    299 |    280 |     19 |      0 |    173 |   1 |  299.0 |
               +--------+--------+--------+--------+--------+-----+--------+

Top non-repeatable levels by time:
     D:5: 884 daAuts
     D:6: 724 daAuts
     D:7: 494 daAuts
  Temple: 299 daAuts
